 Dungeon Crawl Stone Soup version 0.28.0-49-g6dfe1f597d (webtiles) character file.

Game seed: 2702093391141591557

849 H0rd4k the Slasher (level 8, 0/57 HPs)
             Began as a Human Artificer on May 20, 2022.
             Slain by an unseen horror (10 damage)
             ... on level 5 of the Dungeon.
             The game lasted 00:06:33 (4889 turns).

H0rd4k the Slasher (Human Artificer)                Turns: 4889, Time: 00:06:33

Health: 0/57       AC:  4    Str: 13    XL:     8   Next: 21%
Magic:  10/10      EV: 12    Int: 13    God:
Gold:   226        SH:  0    Dex: 14    Spells: 7/10 levels left

rFire   . . .      SeeInvis .   l - +0 long sword
rCold   . . .      Faith    .   (no shield)
rNeg    . . .      Spirit   .   b - +0 leather armour
rPois   .          Reflect  .   k - +1 hat
rElec   .          Harm     .   (no cloak)
rCorr   .          Rampage  .   (no gloves)
Will    .....                   (no boots)
Stlth   ++........              t - amulet of the acrobat
HPRegen 0.19/turn               h - +4 ring of slaying
MPRegen 0.12/turn               y - +4 ring of slaying

@: no status effects
A: no striking features
a: no special abilities


You were on level 5 of the Dungeon.
You visited 1 branch of the dungeon, and saw 5 of its levels.

You collected 226 gold pieces.

Inventory:

Hand Weapons
 a - a +0 club
 l - a +0 long sword (weapon)
Missiles
 s - 3 datura-tipped darts
 u - 2 poisoned darts
Armour
 b - a +0 leather armour (worn)
 k - a +1 hat (worn)
 n - a +1 hat
Magical Staves
 m - a staff of conjuration
Jewellery
 h - a +4 ring of slaying (left hand)
 t - an amulet of the acrobat (around neck)
 y - a +4 ring of slaying (right hand)
Wands
 c - a wand of flame (16) (quivered)
 d - a wand of charming (6)
Scrolls
 f - 4 scrolls of identify {unknown}
 g - 2 scrolls of fear {unknown}
 j - 3 scrolls of teleportation {unknown}
 o - a scroll of vulnerability {unknown}
 p - a scroll of summoning {unknown}
 q - a scroll of magic mapping {unknown}
 w - 2 scrolls of fog {unknown}
 B - a scroll of enchant armour {unknown}
 C - a scroll of brand weapon {unknown}
Potions
 i - a potion of invisibility {unknown}
 r - a potion of attraction {unknown}
 v - a potion of haste {unknown}
 x - a potion of brilliance
 z - a potion of ambrosia {unknown}
 A - 2 potions of might {unknown}
Miscellaneous
 e - a piece from Xom's chessboard (15/15)


   Skills:
 + Level 2.8 Fighting
 + Level 4.8 Long Blades
 + Level 0.2 Maces & Flails
 + Level 2.7 Armour
 + Level 2.1 Dodging
 + Level 3.4 Stealth
 * Level 1.8 Spellcasting
 * Level 2.2 Conjurations
 + Level 4.5 Evocations


You had 7 spell levels left.
You knew the following spells:

 Your Spells              Type           Power      Damage    Failure   Level
a - Stone Arrow           Conj/Erth      8%         3d7       54%         3

Your spell library contained the following spells:

 Spells                   Type           Power      Damage    Failure   Level
 Sandblast                Erth           2%         2d4       32%         1
 Passwall                 Tmut/Erth      0%         N/A       45%         2
 Sublimation of Blood     Necr           1%         N/A       45%         2
 Passage of Golubria      Tloc           1%         N/A       97%         4
 Petrify                  Tmut/Erth      1%         N/A       97%         4
 Irradiate                Conj/Tmut      2%         3d14      99%         5
 Silence                  Hex/Air        0%         N/A       100%        5
 Lehudib's Crystal Spear  Conj/Erth      2%         10d2      100%        8


Dungeon Overview and Level Annotations

Branches:
Dungeon (5/15)
 Temple: D:4-7

Altars:
Hepliaklqana
Kikubaaqudgha
Makhleb

Annotations:
D:3 2 transporters, exclusion: downstairs, Ijyb
D:4 exclusion: downstairs, Edmund
D:5 exclusion: upstairs


Message History

There is a stone staircase leading up here.
There are monsters nearby!
Unknown command.
The gnoll sergeant shouts!
You hear a shout!
Something misses you.
Deactivating autopickup; reactivate with Ctrl-A.
You miss something. Something hits you! Something hits you but does no damage.
There is a stone staircase leading up here.
You closely miss something. Something hits you.
You slash the orc!
You kill the orc!
Something barely misses you. The phantom hits you.
The phantom blinks!
You blink.
You hit the phantom.
The phantom is lightly damaged.
The phantom completely misses you. The ice beast misses you.
Something hits you.
The gnoll sergeant completely misses you.
The gnoll completely misses you. Something closely misses you.
The gnoll completely misses you.
There is a stone staircase leading up here.
Something hits you. The gnoll closely misses you. The ice beast hits you.
The ice beast freezes you! The phantom hits you.
* * * LOW HITPOINT WARNING * * *
The phantom blinks!
You blink.
You stop ascending the stairs.
Something hits you.
* * * LOW HITPOINT WARNING * * *
The gnoll misses you. The gnoll hits you but does no damage.
Found 8 gold pieces.
Something closely misses you. The gnoll completely misses you.
Something misses you. Something closely misses you. Something hits you.
* * * LOW HITPOINT WARNING * * *
Something barely misses you.
There is a stone staircase leading up, spattered with blood here.
Something hits you!
You die...

.........
#................)##
#..................#
#...................
#...................
#...................
#...................
#..................
#####.@)o..............
........Wg..............
.).........g...........#
..........Yg..........##
...[.................##
...............<....##
#####......##.....###
#.......########
........$#


You could see a phantom, an ice beast, a gnoll sergeant, 2 gnolls and an orc.

Vanquished Creatures
  2 ogres (D:4)
  Blork the orc (D:4)
  A scorpion (D:5)
  A bullfrog zombie (D:5)
  A hound (D:5)
  An orc priest (D:3)
  A bullfrog skeleton (D:4)
  Jessica (D:2)
  2 iguanas
  A gnoll (D:5)
  3 adders
  2 worms
  4 dart slugs
  6 orcs
  7 ball pythons
  4 endoplasms
  5 giant cockroaches
  7 goblins
  9 hobgoblins
  6 kobolds
  7 quokkas
  8 bats
  2 frilled lizards
  26 rats
108 creatures vanquished.

Vanquished Creatures (collateral kills)
  A black bear (D:3)
  2 orc priests (D:3)
  2 orc wizards
  5 orcs
  A bat (D:3)
11 creatures vanquished.

Grand Total: 119 creatures vanquished

Notes
Turn   | Place    | Note
-------+----------+-------------------------------------------
     0 | D:1      | H0rd4k the Human Artificer began the quest for the Orb.
     0 | D:1      | Reached XP level 1. HP: 15/15 MP: 1/1
    31 | D:1      | You fall into a shaft and drop 1 floor!
    61 | D:2      | Reached XP level 2. HP: 4/21 MP: 2/2
   497 | D:2      | Noticed Jessica
   503 | D:2      | Killed Jessica
   504 | D:2      | Reached XP level 3. HP: 26/26 MP: 3/3
  1099 | D:2      | Reached XP level 4. HP: 30/32 MP: 4/4
  1889 | D:1      | Reached skill level 1 in Long Blades
  1967 | D:1      | Found a faded altar of an unknown god.
  2145 | D:1      | Reached XP level 5. HP: 38/38 MP: 5/5
  2628 | D:3      | Found an ancient bone altar of Kikubaaqudgha.
  2729 | D:3      | Noticed a black bear
  2740 | D:3      | Killed a black bear
  2741 | D:3      | Reached XP level 6. HP: 19/44 MP: 6/6
  2770 | D:3      | Found a transporter.
  2786 | D:3      | Noticed a black bear
  2805 | D:3      | Found a transporter.
  2982 | D:3      | Noticed Ijyb
  3172 | D:3      | Learned a level 3 spell: Stone Arrow
  3326 | D:4      | Reached XP level 7. HP: 50/50 MP: 7/7
  3378 | D:4      | Noticed Blork the orc
  3390 | D:4      | Killed Blork the orc
  3667 | D:4      | Found a burning altar of Makhleb.
  3735 | D:4      | Reached skill level 1 in Spellcasting
  3735 | D:4      | Reached skill level 1 in Conjurations
  4080 | D:4      | Noticed Edmund
  4370 | D:5      | Entered Level 5 of the Dungeon
  4407 | D:5      | Found a hazy altar of Hepliaklqana.
  4436 | D:5      | Reached XP level 8. HP: 46/57 MP: 10/10
  4889 | D:5      | Slain by an unseen horror

Illustrated notes

Levels and vault maps discovered:
D:1:      shiori_arrival_maze, layout_basic, ebering_ecumenical_altar_ruins,
          corexii_corridor_pit
D:2:      layout_loops_ring, minmay_rat_hole, uniq_jessica
D:3:      gammafunk_steamed_eel, layout_rooms, kiku_gazebo_pond_becter,
          uniq_ijyb
D:4:      layout_cave_pools, lightli_temple_of_fire, minmay_pentangle,
          uniq_blork_the_orc, uniq_edmund
D:5:      layout_cave_pods, mainiacjoe_overflow_cross_hatched,
          minmay_misc_feat_secret_circle, uniq_grinder

Skill      XL: |  1  2  3  4  5  6  7  8 |
---------------+-------------------------+-----
Evocations     | 4 |  4.5
Long Blades    | 1 2 3 4 |  4.8
Stealth        | 2 3 |  3.4
Fighting       | 2 |  2.8
Spellcasting   | 1 |  1.8
Conjurations   | 1 2 |  2.2
Dodging        | 2 |  2.1
Maces & Flails | |  0.2
Armour         | |  2.7

Action                   |  1- 3 |  4- 6 |  7- 9 || total
-------------------------+-------+-------+-------++-------
Melee: Club              |    71 |       |       ||    71
       Long sword        |     4 |   149 |    57 ||   210
       Punch             |       |     2 |       ||     2
Evoke: Wand              |     8 |     7 |     2 ||    17
       Piece from Xom's  |       |     1 |       ||     1
 Stab: Sleeping          |     1 |    10 |     1 ||    12
Armor: Leather armour    |    27 |    43 |    15 ||    85
Dodge: Dodged            |    54 |   114 |    60 ||   228
